 Seeded DCSS version 0.28-a0-1555-g9ae15a6949 (webtiles) character file.

Game seed: 6289209390817847154 (custom seed)

666 innerfire433 the Grave Robber (level 7, -7/37 HPs)
             Began as a Vampire Necromancer on Jan 18, 2022.
             Was a Believer of Vehumet.
             Mangled by a gnoll (13 damage)
             ... on level 5 of the Dungeon.
             The game lasted 00:09:15 (3745 turns).

innerfire433 the Grave Robber (Vampire Necromancer) Turns: 3745, Time: 00:09:16

Health: -7/37      AC:  3    Str: 13    XL:     7   Next: 31%
Magic:  3/12       EV: 13    Int: 17    God:    Vehumet [**....]
Gold:   158        SH:  0    Dex: 18    Spells: 9/13 levels left

rFire   . . .      SeeInvis +   f - +7 hunting sling "Zuryem" {vorpal, Drain Str+4 Dex+3}
rCold   + + .      Faith    .   (no shield)
rNeg    + + +      Spirit   .   a - +0 robe
rPois   ∞          Reflect  .   b - +0 helmet
rElec   .          Harm     .   (no cloak)
rCorr   .          Rampage  .   (no gloves)
Will    .....                   (no boots)
Stlth   +++++.....              (no amulet)
HPRegen 0.00/turn               (no ring)
MPRegen 0.13/turn               (no ring)

@: bloodless, inhibited regen, hasted, studying Necromancy, very quick
A: bloodless, fangs 3, see invisible, vampiric 2
a: Bat Form, Revivify, Renounce Religion


You were on level 5 of the Dungeon.
You worshipped Vehumet.
Vehumet was pleased with you.
You visited 1 branch of the dungeon, and saw 5 of its levels.

You collected 158 gold pieces.

Inventory:

Hand Weapons
 f - the +7 hunting sling "Zuryem" (weapon) {vorpal, Drain Str+4 Dex+3}
   (You found it on level 2 of the Dungeon)

   Any ammunition fired from it inflicts extra damage upon your enemies.
   Str:       It affects your strength (+4).
   Dex:       It affects your dexterity (+3).
   Drain:     It drains your maximum health when unequipped.
Missiles
 i - 42 sling bullets (quivered ammo)
Armour
 a - a +0 robe (worn)
 b - a +0 helmet (worn)
Wands
 p - a wand of flame (26)
Scrolls
 d - 2 scrolls of vulnerability {unknown}
 g - a scroll of torment {unknown}
 h - a scroll of noise {unknown}
 k - a scroll of teleportation {unknown}
 l - 2 scrolls of identify {unknown}
 n - a scroll of immolation {unknown}
 o - a scroll of silence {unknown}
Potions
 c - a potion of might {unknown}
 e - 2 potions of mutation {unknown}
 j - a potion of ambrosia {unknown}
 q - 2 potions of curing {unknown}


   Skills:
 - Level 0.3 Fighting
 + Level 4.5 Slings
 - Level 2.5 Dodging
 - Level 3.2 Stealth
 * Level 3.7 Spellcasting
 * Level 6.8 Necromancy


You had 9 spell levels left.
You knew the following spells:

 Your Spells              Type           Power      Damage    Failure   Level
a - Pain                  Necr           100%       1d9       1%          1
b - Vampiric Draining     Necr           26%        2d7       3%          3

Your spell library contained the following spells:

 Spells                   Type           Power      Damage    Failure   Level
 Shock                    Conj/Air       12%        1d3       16%         1
 Animate Skeleton         Necr           52%        N/A       1%          1
 Animate Dead             Necr           13%        N/A       10%         4
 Sting                    Tmut/Pois      12%        1d3       16%         1
 Ensorcelled Hibernation  Hex/Ice        6%         N/A       24%         2
 Poisonous Vapours        Pois/Air       6%         N/A       24%         2
 Agony                    Necr           26%        N/A       26%         5
 Olgreb's Toxic Radiance  Pois           3%         N/A       85%         4
 Haunt                    Necr/Summ      7%         N/A       100%        7
 Infestation              Necr           13%        N/A       100%        8


Dungeon Overview and Level Annotations

Branches:
Dungeon (5/15)             Temple (0/1) D:4

Altars:
Vehumet


Innate Abilities, Weirdness & Mutations

You do not regenerate when monsters are visible.
You are frail without blood (-20% HP).
You can heal yourself when you bite living creatures.
You are immune to poison.
You have razor-sharp teeth.
You have supernaturally acute eyesight. (SInv)
You are afflicted with vampirism and can become a bat while bloodless.


Message History

Aiming: Vampiric Draining (dangerous; 3% risk of failure)
Press: ? - help, Shift-Dir - straight line, f - orc
Aim: an orc, wielding a +3 short sword and wearing a +0 leather armour You draw life force from the orc!
You kill the orc!
Vehumet accepts your kill.
You feel your power returning.
You feel life coursing into your body.
The orc throws a boomerang.
The boomerang completely misses you.
You shoot a sling bullet.
The sling bullet closely misses the gnoll shaman.
Casting: Vampiric Draining (dangerous; 3% risk of failure)
Confirm with . or Enter, or press ? or * to list all spells.
Aiming: Vampiric Draining (dangerous; 3% risk of failure)
Press: ? - help, Shift-Dir - straight line, f/p - gnoll shaman
Aim: a gnoll shaman, wielding a +0 club and wearing a +0 leather armour (moderately wounded)
You draw life force from the gnoll shaman!
You feel life coursing into your body.
The gnoll shaman hits you but does no damage.
Casting: Vampiric Draining (dangerous; 3% risk of failure)
Confirm with . or Enter, or press ? or * to list all spells.
You don't have enough magic to cast this spell.
You shoot a sling bullet.
The sling bullet hits the gnoll shaman but does no damage.
The gnoll shaman is almost dead.
The gnoll shaman hits you with a +0 club.
The gnoll hits you from afar with a +0 halberd!
You shoot a sling bullet. The sling bullet hits the gnoll shaman.
You kill the gnoll shaman!
Vehumet accepts your kill. The gnoll misses you.
You shoot a sling bullet. The sling bullet hits the orc.
You kill the orc!
Vehumet accepts your kill.
You feel your power returning.
The gnoll hits you from afar with a +0 halberd!
* * * LOW HITPOINT WARNING * * *
You are too injured to fight recklessly!
It was a potion of haste.
You feel yourself speed up.
The gnoll hits you from afar with a +0 halberd!
You die...

##################
..>.......>......#
################.#
.....# #.# .....#
#.# .....# #.#
.....# #.# .....#
#.# .....##### #@#
..........
#.#######
.....####
#g#.....#
..........
#.#.....#..
##.#######
#)#.)...... ...#
#.((o((.... ####
#.....(.(.o..... #
....########(#...
# .. .. .


You could see a gnoll.

Vanquished Creatures
  A sky beast (D:5)
  An ice beast (D:4)
  An ogre (D:5)
  A phantom (D:5)
  A gnoll shaman (D:5)
  A jelly (D:3)
  Jessica (D:3)
  2 iguanas (D:4)
  An orc wizard (D:4)
  Terence (D:3)
  A hound skeleton (D:4)
  5 adders
  2 worms (D:2)
  8 orcs
  9 endoplasms
  3 giant cockroaches
  6 goblins
  9 hobgoblins
  3 quokkas
  3 ball pythons
  3 bats
  2 frilled lizards (D:1)
  2 kobolds
  3 rats
70 creatures vanquished.

Vanquished Creatures (others)
  A plant (D:4)
1 creature vanquished.

Grand Total: 71 creatures vanquished

Notes
Turn   | Place    | Note
-------+----------+-------------------------------------------
     0 | D:1      | innerfire433 the Vampire Necromancer began the quest for
                  | the Orb.
     0 | D:1      | Reached XP level 1. HP: 13/13 MP: 3/3
   269 | D:1      | Reached XP level 2. HP: 15/15 MP: 0/5
   586 | D:1      | Found a faded altar of an unknown god.
   613 | D:1      | Prayed at the altar of an unknown god.
   613 | D:1      | Became a worshipper of Vehumet
   613 | D:1      | Reached * piety under Vehumet
   613 | D:1      | Offered knowledge of Foxfire by Vehumet.
  1025 | D:1      | Identified a scroll of acquirement
  1025 | D:1      | Acquired a book of Death
  1146 | D:2      | Identified the +7 hunting sling "Zuryem" {vorpal, Drain
                  | Str+4 Dex+3}
  1353 | D:2      | Gained mutation: You are afflicted with vampirism and can
                  | become a bat while bloodless. [Vampire growth]
  1353 | D:2      | Reached XP level 3. HP: 19/19 MP: 6/6
  1382 | D:2      | Reached skill level 5 in Necromancy
  1887 | D:3      | Reached XP level 4. HP: 24/24 MP: 6/8
  1922 | D:3      | Reached ** piety under Vehumet
  1922 | D:3      | Offered knowledge of Shock by Vehumet.
  1944 | D:3      | Learned a level 3 spell: Vampiric Draining
  2029 | D:3      | Reached skill level 1 in Slings
  2304 | D:3      | Noticed Jessica
  2304 | D:3      | Noticed Terence
  2309 | D:3      | Killed Terence
  2310 | D:3      | Reached XP level 5. HP: 28/28 MP: 9/9
  2310 | D:3      | Killed Jessica
  2365 | D:3      | Got Jessica's Volume of the Oath
  2381 | D:3      | Acquired a manual of Necromancy
  2749 | D:4      | Found a staircase to the Ecumenical Temple.
  2892 | D:4      | Noticed an ice beast
  2900 | D:4      | Killed an ice beast
  2901 | D:4      | Reached skill level 6 in Necromancy
  2901 | D:4      | Reached XP level 6. HP: 33/33 MP: 10/10
  3391 | D:5      | Entered Level 5 of the Dungeon
  3718 | D:5      | Reached XP level 7. HP: 37/37 MP: 12/12
  3745 | D:5      | Mangled by a gnoll

Illustrated notes

Levels and vault maps discovered:
D:1:      mrwooster_arrival_statue, layout_basic,
          shapermc_ecumenical_altar_mp_ritualfount
D:2:      layout_basic
D:3:      layout_rooms, kennysheep_jessica_study, uniq_terence
D:4:      layout_layer_cave, minmay_temple_entry_overgrown
D:5:      layout_basic, grunt_temple_overflow_gold_and_silver, uniq_sigmund

Skill      XL: |  1  2  3  4  5  6 |
---------------+-------------------+-----
Necromancy     | 5 6 |  6.8
Slings         | 1 3 4 |  4.5
Spellcasting   | 3 |  3.7
Fighting       | |  0.3
Dodging        | |  2.5
Stealth        | |  3.2

Action                   |  1- 3 |  4- 6 |  7- 9 || total
-------------------------+-------+-------+-------++-------
Melee: Unarmed           |     5 |       |       ||     5
 Fire: Hunting sling     |    27 |    62 |    13 ||   102
 Cast: Pain              |    26 |       |       ||    26
       Vampiric Draining |       |       |     5 ||     5
 Abil: Exsanguinate      |     1 |       |       ||     1
  Use: Scroll            |     1 |     2 |       ||     3
       Potion            |       |       |     1 ||     1
Armor: Robe              |     3 |     2 |     3 ||     8
Dodge: Dodged            |     8 |     3 |     5 ||    16

Table legend: (Time is in decaauts)
 A = Elapsed time spent in this place.
 B = Non-inter-level travel time spent in this place.
 C = Inter-level travel time spent in this place.
 D = Time resting spent in this place.
 E = Time spent auto-exploring this place.
 F = Levels seen in this place.
 G = Mean time per level.
                   A        B        C        D        E       F      G
               +--------+--------+--------+--------+--------+-----+--------+
         Total |   3754 |   3643 |    111 |      0 |   3193 |   5 |  750.8 |
       Dungeon |   3754 |   3643 |    111 |      0 |   3193 |   5 |  750.8 |
               +--------+--------+--------+--------+--------+-----+--------+

Top non-repeatable levels by time:
     D:1: 1045 daAuts
     D:4: 991 daAuts
     D:2: 836 daAuts
     D:3: 527 daAuts
     D:5: 353 daAuts
